 Dungeon Crawl Stone Soup version 0.31-a0-662-g684573625c (webtiles) character file.

Game seed: 17455568637740555608

375 GordonOverkill the Sneak (level 6, -1/38 HPs)
             Began as a Tengu Delver on Sept 1, 2023.
             Slain by a phantom (4 damage)
             ... on level 5 of the Dungeon.
             The game lasted 00:09:50 (3377 turns).

GordonOverkill the Sneak (Tengu Delver)             Turns: 3377, Time: 00:09:51

Health: -1/38      AC:  1    Str: 15    XL:     6   Next: 72%
Magic:  7/7        EV: 10    Int: 10    God:
Gold:   186        SH:  0    Dex: 15    Spells: 5/5 levels left

rFire   . . .        a - +0 trident
rCold   + . .        (no shield)
rNeg    . . .        q - +0 scale mail
rPois   .            (helmet restricted)
rElec   .            y - +1 cloak
rCorr   .            (no gloves)
SInv    .            (boots unavailable)
Will    +....        (no amulet)
Stlth   ++           j - ring of Elyvilon's Hatred {Wiz rC+ Will+}
HPRegen 0.26/turn    x - +4 ring of protection
MPRegen 0.10/turn

%: acrobat, wizardry (x1)
@: corroded
A: beak, talons 3, acrobatic
a: no special abilities


You were on level 5 of the Dungeon.
You visited 1 branch of the dungeon, and saw 6 of its levels.

You collected 260 gold pieces.
You spent 74 gold pieces at shops.

Inventory:

Hand Weapons
 a - a +0 trident (weapon)
Missiles
 r - 7 javelins (quivered)
Armour
 q - a +0 scale mail (worn)
 y - a +1 cloak (worn)
Magical Staves
 E - a staff of fire
Jewellery
 j - the ring of Elyvilon's Hatred (left hand) {Wiz rC+ Will+}
   (You found it on level 3 of the Dungeon)

   [ring of wizardry]

   Wiz:       It improves your spell success rate.
   rC+:       It protects you from cold.
   Will+:     It increases your willpower.
 k - a ring of willpower
 v - a +6 ring of intelligence
 x - a +4 ring of protection (right hand)
 B - a +4 ring of protection
Wands
 g - a wand of digging (8)
 p - a wand of mindburst (13)
Scrolls
 c - 2 scrolls of fog
 d - 3 scrolls of identify {unknown}
 e - 2 scrolls of silence {unknown}
 h - 4 scrolls of poison {unknown}
 l - 2 scrolls of enchant armour {unknown}
 m - a scroll of brand weapon {unknown}
 t - a scroll of torment {unknown}
 w - a scroll of immolation {unknown}
 C - a scroll of vulnerability {unknown}
Potions
 f - 3 potions of haste
 i - a potion of magic {unknown}
 n - a potion of enlightenment {unknown}
 o - a potion of lignification {unknown}
 s - 2 potions of attraction {unknown}
 u - 3 potions of curing {unknown}
 z - 2 potions of heal wounds {unknown}
 D - a potion of mutation {unknown}


   Skills:
 - Level 4.0 Fighting
 - Level 4.0 Polearms
 - Level 1.0 Throwing
 - Level 4.0 Armour
 + Level 3.3 Dodging
 - Level 5.0 Stealth
 - Level 2.0 Evocations


You had 5 spell levels left.
You didn't know any spells.
Your spell library contained the following spells:

 Spells                   Type           Power      Damage    Failure   Level
 Blink                    Tloc           0%         N/A       61%         2
 Cigotuvi's Dreadful Rot  Necr/Pois/Air  0%         N/A       61%         2
 Lesser Beckoning         Tloc           0%         N/A       61%         2
 Momentum Strike          Conj/Tloc      0%         3d8       61%         2
 Passwall                 Tmut/Erth      0%         N/A       61%         2
 Static Discharge         Conj/Air       0%         2-2/arc   61%         2
 Ignite Poison            Fire/Tmut/Pois 0%         N/A       82%         3
 Airstrike                Air            0%         2d(0-16)  99%         4
 Summon Ice Beast         Ice/Summ       0%         N/A       99%         4
 Summon Lightning Spire   Summ/Air       0%         N/A       99%         4
 Freezing Cloud           Conj/Ice/Air   0%         6-21      100%        5
 Summon Mana Viper        Hex/Summ       0%         N/A       100%        5
 Eringya's Noxious Bog    Tmut/Pois      0%         4d6       100%        6
 Monstrous Menagerie      Summ           0%         N/A       100%        7


Dungeon Overview and Level Annotations

Branches:
Dungeon (6/15)
 Temple: D:4-7

Altars:

Shops:
D:3 *   D:4 [

Annotations:
D:5 exclusion: downstairs


Innate Abilities, Weirdness & Mutations

You have a beak for a mouth.
You have claws for feet.
You can magically evade attacks while moving or waiting.


Message History

You drop a +0 sling.
A jelly comes into view.
The jelly quivers.
Found an escape hatch in the ceiling and an escape hatch in the floor.
You see here Ozocubu's Autobiography.
A phantom comes into view.
You reach to attack!
You barely miss the jelly. You hit the jelly. The acid corrodes you!
Your hands burn!
You peck the jelly.
The jelly is moderately wounded.
The jelly hits you but does no damage.
You hit the jelly. The acid corrodes you!
Your hands burn!
You claw the jelly. You peck the jelly, but do no damage.
The jelly is moderately wounded.
The jelly hits you but does no damage.
You hit the jelly.
Your hands burn!
You claw the jelly.
The jelly is almost dead.
The jelly hits you but does no damage.
You are too injured to fight recklessly!
You are too injured to fight recklessly!
You hit the jelly but do no damage. The acid corrodes you!
Your hands burn!
You peck the jelly, but do no damage.
The jelly is almost dead.
The jelly hits you. The acid corrodes you!
You are splashed with acid.
* * * LOW HITPOINT WARNING * * *
The jelly hits you.
* * * LOW HITPOINT WARNING * * *
You are splashed with acid!
* * * LOW HITPOINT WARNING * * *
The phantom hits you.
* * * LOW HITPOINT WARNING * * *
You hit the jelly but do no damage.
Your hands burn!
* * * LOW HITPOINT WARNING * * *
Your peck misses the jelly.
The jelly is almost dead.
The jelly barely misses you. The phantom hits you.
* * * LOW HITPOINT WARNING * * *
As you read the scroll of fear, it crumbles to dust.
You assume a fearsome visage.
The jelly looks frightened!
The phantom is unaffected.
The phantom hits you.
You die...

.. ..........###.... ..
#...........#...... ..
.#####..##.............#
. ...#.#.
#.............# .......
##.....#......#
#......###......##....##
#.(....#.........#####
#>.##.W....##....##
.....J.@:.)......#
.<.##.......#...##
.........###..##
...#......#.....# #.
#............# #
...............
........#.......#
.......###....### #..[#


You could see a phantom and a jelly (fleeing).

Vanquished Creatures
  An ogre (D:4)
  A howler monkey (D:4)
  Crazy Yiuf (D:2)
  9 gnolls
  3 adders
  2 worms
  3 dart slugs
  3 orcs
  3 ball pythons
  6 bats
  8 endoplasms
  16 giant cockroaches
  7 hobgoblins
  3 jackals (D:2)
  2 quokkas (D:1)
  A frilled lizard (D:2)
  12 goblins
  4 kobolds
  6 rats
91 creatures vanquished.

Notes
Turn   | Place    | Note
-------+----------+-------------------------------------------
     0 | D:5      | GordonOverkill the Tengu Delver began the quest for the
                  | Orb.
     0 | D:5      | Reached XP level 1. HP: 14/14 MP: 2/2
    20 | D:6      | Noticed a scorpion
    26 | D:6      | Noticed a wight
    26 | D:6      | Noticed a wight
    45 | D:5      | Noticed an ogre
    87 | D:5      | Reached XP level 2. HP: 15/19 MP: 3/3
   133 | D:4      | Found Baapn's Armour Boutique.
   300 | D:3      | Found Wodem's Assorted Antiques.
   365 | D:3      | Reached XP level 3. HP: 17/23 MP: 4/4
   495 | D:3      | Identified the ring of Elyvilon's Hatred {Wiz rC+ Will+}
   501 | D:3      | Identified the +1 long sword of Diet Blood {heavy, *Slow
                  | Str+4 Dex+8}
  1121 | D:1      | Reached XP level 4. HP: 29/29 MP: 5/5
  1148 | D:1      | Got Vytaaso's Elucidation of Airy Vicissitude
  1504 | D:2      | Reached skill level 1 in Evocations
  1661 | D:2      | Reached XP level 5. HP: 21/33 MP: 6/6
  1843 | D:2      | Found a runed translucent door.
  1844 | D:2      | Noticed Crazy Yiuf
  2020 | D:2      | Reached skill level 1 in Throwing
  2081 | D:2      | Killed Crazy Yiuf
  2082 | D:2      | Reached skill level 1 in Armour
  2703 | D:3      | Bought a viscous brown potion for 17 gold pieces
  2703 | D:3      | Bought a scroll labelled NEIDUO HABBUW for 19 gold pieces
  2703 | D:3      | Bought a scroll labelled PUFOCY LOSIB for 19 gold pieces
  2703 | D:3      | Bought a scroll labelled CAUWKU SEAD for 19 gold pieces
  2736 | D:4      | Killed an ogre
  2737 | D:4      | Reached XP level 6. HP: 38/38 MP: 7/7
  3377 | D:5      | Slain by a phantom

Illustrated notes

Levels and vault maps discovered:
D:1:      lightli_arrival_quake, layout_basic, minmay_pentomino_v4
D:2:      minmay_roachtagon, layout_rooms, uniq_crazy_yiuf_cottage
D:3:      layout_loops_ring, serial_shops, shop, minmay_misc_feat_rugged
D:4:      layout_basic, serial_shops, shop
D:5:      layout_cave_pools, serial_shops, nicolae_shop_crystal,
          minmay_shop_grid_forest, nicolae_shop_i_like_big_books,
          minmay_ogre_servants
D:6:      layout_loops_ring, nicolae_overflows_in_rows, temple_green,
          grunt_decor_mini_mirrors

Skill      XL: |  1  2  3  4  5  6 |
---------------+-------------------+-----
Polearms       | 3 4 |  4.0
Fighting       | 4 |  4.0
Evocations     | 2 |  2.0
Throwing       | 1 |  1.0
Armour         | 3 4 |  4.0
Dodging        | 3 |  3.3
Stealth        | |  5.0

Action                     |  1- 3 |  4- 6 || total
---------------------------+-------+-------++-------
  Melee: Spear             |    24 |       ||    24
         Peck              |     5 |    15 ||    20
         Trident           |    38 |   144 ||   182
         Kick              |     7 |    28 ||    35
   Fire: Sling             |    18 |       ||    18
  Throw: Javelin           |       |     7 ||     7
  Evoke: Wand              |     1 |     3 ||     4
    Use: Scroll            |     2 |     1 ||     3
   Stab: Sleeping          |     9 |     4 ||    13
         Distracted        |       |     1 ||     1
 Armour: Leather armour    |    15 |       ||    15
         Ring mail         |     9 |    21 ||    30
         Scale mail        |       |    56 ||    56
  Dodge: Dodged            |    43 |    65 ||   108

Table legend: (Time is in decaauts)
 A = Elapsed time spent in this place.
 B = Non-inter-level travel time spent in this place.
 C = Inter-level travel time spent in this place.
 D = Time resting spent in this place.
 E = Time spent auto-exploring this place.
 F = Levels seen in this place.
 G = Mean time per level.
                   A        B        C        D        E       F      G
               +--------+--------+--------+--------+--------+-----+--------+
         Total |   3401 |   3090 |    311 |    299 |   1765 |   6 |  566.8 |
       Dungeon |   3401 |   3090 |    311 |    299 |   1765 |   6 |  566.8 |
               +--------+--------+--------+--------+--------+-----+--------+

Top non-repeatable levels by time:
     D:3: 939 daAuts
     D:1: 887 daAuts
     D:2: 741 daAuts
     D:4: 613 daAuts
     D:5: 204 daAuts
     D:6: 15 daAuts
